 Dungeon Crawl Stone Soup version 0.21.1-1-g345015f (webtiles) character file.

3106 Autsider the Covered (level 9, -9/84 HPs)
             Began as a Deep Dwarf Fighter on Feb 22, 2018.
             Was a Believer of Makhleb.
             Mangled by a sun demon (18 damage)
             ... summoned by a kobold demonologist
             ... on level 7 of the Dungeon.
             The game lasted 00:16:31 (5621 turns).

Autsider the Covered (Deep Dwarf Fighter)           Turns: 5621, Time: 00:16:32

Health: -9/84      AC: 10    Str: 23      XL:     9   Next: 60%
Magic:  9/9        EV:  8    Int:  9      God:    Makhleb [**....]
Gold:   341        SH: 10    Dex:  7 (12) Spells: 8/8 levels left

rFire    . . .     SeeInvis .   v - +0 broad axe
rCold    . . .     Gourm    .   c - +0 shield
rNeg     . . .     Faith    .   b - +0 scale mail
rPois    .         Spirit   .   (no helmet)
rElec    .         Reflect  .   (no cloak)
rCorr    .         Harm     .   D - +1 pair of gloves
MR       +....                  (no boots)
Stlth    ..........             (no amulet)
HPRegen  0.00/turn              (no ring)
MPRegen  0.11/turn              (no ring)

@: non-regenerating
A: damage resistance, heal wounds, sense surroundings 2, no regeneration
a: Heal Wounds, Minor Destruction, Renounce Religion


You were on level 7 of the Dungeon.
You worshipped Makhleb.
Makhleb was pleased with you.
You were not hungry.

You visited 1 branch of the dungeon, and saw 7 of its levels.

You collected 341 gold pieces.

Inventory:

Hand Weapons
 a - a +0 war axe
 v - a +0 broad axe (weapon)
Armour
 b - a +0 scale mail (worn)
 c - a +0 shield (worn)
 D - a +1 pair of gloves (worn)
Jewellery
 i - an uncursed amulet of faith {unknown}
 r - an uncursed ring of protection from magic {unknown}
 w - an uncursed amulet of magic regeneration {unknown}
 H - an uncursed ring of magical power {unknown}
Wands
 u - a wand of enslavement (18)
 C - a wand of iceblast (3)
Scrolls
 e - 5 scrolls of teleportation {unknown}
 g - 3 scrolls of noise {unknown}
 j - 8 scrolls of identify
 k - 4 scrolls of remove curse {unknown}
 m - a scroll of enchant weapon {unknown}
 n - a scroll of fog {unknown}
 o - a scroll of magic mapping {unknown}
 p - 9 scrolls of enchant armour
 s - a scroll of amnesia {unknown}
 y - a scroll of fear {unknown}
 E - a scroll of immolation {unknown}
Potions
 d - 2 potions of might
 h - a potion of cancellation {unknown}
 l - a potion of curing {unknown}
 q - 3 potions of lignification {unknown}
 t - 2 potions of agility {unknown}
 x - a potion of brilliance {unknown}
 z - 4 potions of resistance {unknown}
 A - 2 potions of flight {unknown}
 F - a potion of invisibility {unknown}
 G - a potion of degeneration {unknown}
Comestibles
 f - 12 rations
 B - 4 chunks of flesh


   Skills:
 + Level 6.3 Fighting
 + Level 7.2 Axes
 + Level 7.6 Armour
 + Level 7.6 Shields
 + Level 6.2 Invocations


You had 8 spell levels left.
You didn't know any spells.

Dungeon Overview and Level Annotations

Branches:
Dungeon (7/15)             Temple (0/1) D:4

Altars:
Ashenzari
Elyvilon
Fedhas
Gozag
Kikubaaqudgha
Makhleb
Nemelex Xobeh
Sif Muna
Vehumet
The Shining One

Shops:
D:4 }   D:7 %!


Innate Abilities, Weirdness & Mutations

You are resistant to damage.
You can heal yourself by infusing magical energy.
You passively map the area around you.
You do not regenerate.


Message History

You block the quasit's attack. The quasit closely misses you.
The quasit bites you but does no damage.
The quasit closely misses you. The quasit barely misses you.
The smoke demon hits you but does no damage. x3
The sun demon hits you but does no damage.
The kobold demonologist hits you with a spear.
As you read the scroll labeled PIZAER MIVUUL, it crumbles to dust.
It is a scroll of identify.
p - 9 scrolls of enchant armour You block the quasit's attack.
The quasit claws you but does no damage.
The quasit barely misses you. You block the quasit's attack.
The quasit closely misses you. You block the quasit's attack.
The smoke demon hits you but does no damage. x2
The smoke demon barely misses you.
The kobold demonologist hits you with a spear.
The sun demon hits you!!
* * * LOW HITPOINT WARNING * * *
You are engulfed in flames!!
You die...

#)#####.#.##.# #.# *
###).....#.##.# **
*.#, #...........#(. ,
* #.#.########## * ,*,
, , #.#.# , ,*, * **
#.#.# , , ** * #.#.# *
, ,,,
#.#.############## * *
#.#..........5@K.#.# *
#.##.........353.!.#
###.##.###########.###
, ....##.# *.# , ,
###....# # #.#### *
#....# ** #......). ,,
* #.##.#### * ** *


You could see a sun demon, a kobold demonologist, a smoke demon and 2 quasits.

Vanquished Creatures
  A cyclops (D:7)
  Prince Ribbit (D:5)
  Sigmund (D:5)
  A water moccasin (D:6)
  An orc warrior (D:5)
  A sky beast (D:5)
  4 phantoms
  An ogre (D:5)
  2 centaurs
  Blork the orc (D:5)
  7 bullfrogs
  6 howler monkeys (D:7)
  3 crimson imps
  2 bullfrog zombies
  2 hounds
  A bullfrog skeleton (D:7)
  An orc priest (D:7)
  A centaur skeleton (D:6)
  4 orc wizards
  2 iguanas
  4 hound zombies
  A hound skeleton (D:4)
  7 adders
  4 gnolls (D:7)
  A shadow imp (D:7)
  An ooze (D:1)
  An adder skeleton (D:6)
  2 worms
  3 dart slugs
  3 leopard geckos
  8 orcs
  6 bats
  4 giant cockroaches
  7 goblins
  4 hobgoblins
  9 jackals
  8 kobolds
  2 quokkas
  6 frilled lizards
  A leopard gecko skeleton (D:4)
  A quokka skeleton (D:5)
  13 rats
139 creatures vanquished.

Notes
Turn   | Place    | Note
-------+----------+-------------------------------------------
     0 | D:1      | Autsider the Deep Dwarf Fighter began the quest for the Orb.
     0 | D:1      | Reached XP level 1. HP: 20/20 MP: 1/1
   179 | D:1      | Reached XP level 2. HP: 22/27 MP: 2/2
   512 | D:1      | Reached XP level 3. HP: 25/34 MP: 3/3
   940 | D:2      | Found a burning altar of Makhleb.
   947 | D:2      | Reached XP level 4. HP: 23/42 MP: 4/4
   955 | D:2      | Became a worshipper of Makhleb the Destroyer
  1008 | D:2      | Found a white marble altar of Elyvilon.
  1143 | D:2      | Found a glowing golden altar of the Shining One.
  1592 | D:2      | Found a blossoming altar of Fedhas.
  1665 | D:3      | Noticed a phantom
  1751 | D:3      | Killed a phantom
  1751 | D:3      | Reached XP level 5. HP: 38/49 MP: 4/4
  2146 | D:3      | Reached * piety under Makhleb
  2635 | D:4      | Noticed a phantom
  2639 | D:4      | Noticed a phantom
  2717 | D:3      | Killed a phantom
  2717 | D:3      | Reached XP level 6. HP: 45/57 MP: 5/5
  2742 | D:4      | Reached skill level 5 in Armour
  2780 | D:4      | Found Huaqe's Gadget Emporium.
  2850 | D:4      | Found a staircase to the Ecumenical Temple.
  3162 | D:4      | Reached skill level 5 in Shields
  3310 | D:4      | Found a radiant altar of Vehumet.
  3317 | D:4      | Identified Vehumet's Tome of Confrontation
  3320 | D:4      | Found an ancient bone altar of Kikubaaqudgha.
  3322 | D:4      | Found a deep blue altar of Sif Muna.
  3329 | D:4      | Reached XP level 7. HP: 33/64 MP: 6/6
  3370 | D:5      | Entered Level 5 of the Dungeon
  3440 | D:5      | Reached skill level 1 in Invocations
  3476 | D:5      | Reached skill level 5 in Axes
  3481 | D:5      | Reached ** piety under Makhleb
  3678 | D:5      | Found a shattered altar of Ashenzari.
  3905 | D:5      | Noticed Blork the orc
  3919 | D:5      | Killed Blork the orc
  3997 | D:5      | Found an opulent altar of Gozag.
  3997 | D:5      | Noticed Prince Ribbit
  4024 | D:5      | Found a sparkling altar of Nemelex Xobeh.
  4301 | D:5      | Reached XP level 8. HP: 64/73 MP: 5/7
  4307 | D:5      | Killed Prince Ribbit
  4307 | D:5      | Reached skill level 5 in Fighting
  4365 | D:5      | Noticed Sigmund
  4372 | D:5      | Killed Sigmund
  5173 | D:7      | Noticed a cyclops
  5180 | D:6      | Gained mutation: You passively map the area around you. [Deep Dwarf growth]
  5180 | D:6      | Reached XP level 9. HP: 46/82 MP: 9/9
  5236 | D:7      | Reached skill level 5 in Invocations
  5299 | D:7      | Killed a cyclops
  5454 | D:7      | Found Qifopoak's Distillery.
  5472 | D:7      | Found Tylew's Food Boutique.
  5603 | D:7      | Noticed a kobold demonologist
  5610 | D:7      | Noticed a smoke demon
  5616 | D:7      | Noticed a sun demon
  5616 | D:7      | HP: 3/84 [sun demon[a kobold demonologist] (16)]
  5621 | D:7      | Mangled by a sun demon

Skill      XL: |  1  2  3  4  5  6  7  8  9 |
---------------+----------------------------+-----
Fighting       | 3 4 5 6 |  6.3
Axes           | 3 4 5 6 7 |  7.2
Shields        | 4 5 6 7 |  7.6
Armour         | 4 5 6 7 |  7.6
Invocations    | 2 4 6 |  6.2

Action                   |  1- 3 |  4- 6 |  7- 9 || total
-------------------------+-------+-------+-------++-------
Melee: War axe           |    94 |   162 |       ||   256
       Broad axe         |       |    63 |   333 ||   396
Invok: Minor Destruction |       |       |     1 ||     1
 Abil: Heal Wounds       |       |     3 |    15 ||    18
  Use: Scroll            |       |       |     1 ||     1
  Eat: Chunk             |       |     5 |     8 ||    13
       Ration            |       |     1 |       ||     1
Armor: Scale mail        |    42 |    82 |   185 ||   309
Dodge: Dodged            |    30 |    60 |   129 ||   219
Block: Shield            |    46 |   130 |   226 ||   402
